 Dungeon Crawl Stone Soup version 0.29.0-7-g18a832c13a (webtiles) character file.

Game seed: 2935573653961460820

332 Arcadio the Sneak (level 6, -1/49 HPs)
             Began as a Naga Ice Elementalist on Aug 31, 2022.
             Slain by an iguana (5 damage)
             ... on level 4 of the Dungeon.
             The game lasted 00:09:27 (4522 turns).

Arcadio the Sneak (Naga Ice Elementalist)           Turns: 4522, Time: 00:09:28

Health: -1/49      AC: 10    Str:  8 (10) XL:     6   Next: 52%
Magic:  1/11       EV:  9    Int: 16 (18) God:
Gold:   230        SH:  0    Dex:  9 (11) Spells: 1/12 levels left

rFire   . . .      SeeInvis +   b - +1 dagger (drain)
rCold   . . .      Faith    .   (no shield)
rNeg    . . .      Spirit   .   n - +0 robe
rPois   +          Reflect  .   (no helmet)
rElec   .          Harm     .   (no cloak)
rCorr   .          Rampage  .   r - +0 pair of gloves
Will    .....                   (no barding)
Stlth   +++.......              (no amulet)
HPRegen 0.16/turn               (no ring)
MPRegen 0.12/turn               (no ring)

@: ice-armoured, very slow
A: AC +2, large, see invisible, deformed body, poison resistance, slowness 2,
spit poison 1, naga tail 1
a: Spit Poison


You were on level 4 of the Dungeon.
You visited 1 branch of the dungeon, and saw 4 of its levels.
You also visited: Sewer.

You collected 230 gold pieces.

Inventory:

Hand Weapons
 a - a +1 sling of flaming
 b - a +1 dagger of draining (weapon)
 u - a +1 trident of venom
 v - a +2 dagger of speed
Missiles
 s - a throwing net
Armour
 n - a +0 robe (worn)
 r - a +0 pair of gloves (worn)
Wands
 p - a wand of light (7)
Scrolls
 c - a scroll of fear
 d - a scroll of summoning {unknown}
 f - 6 scrolls of teleportation
 g - 2 scrolls of poison
 l - 2 scrolls of noise
 m - a scroll of immolation {unknown}
 q - a scroll of butterflies {unknown}
Potions
 i - a potion of mutation
 j - 2 potions of magic
 k - a potion of resistance
 o - a potion of brilliance
Miscellaneous
 e - a piece from Xom's chessboard (15/15)


   Skills:
 - Level 1.5 Dodging
 + Level 6.4 Stealth
 + Level 3.9 Spellcasting
 + Level 5.4 Ice Magic


You had one spell level left.
You knew the following spells:

 Your Spells              Type           Power      Damage    Failure   Level
a - Freeze                Ice            80%        1d9       1%          1
b - Frozen Ramparts       Ice            40%        1d7       5%          3
c - Ozocubu's Armour      Ice            20%        N/A       5%          3
d - Hailstorm             Conj/Ice       11%        3d5       50%         4

Your spell library contained the following spells:

 Spells                   Type           Power      Damage    Failure   Level
 Sublimation of Blood     Necr           3%         N/A       26%         2
 Wereblood                Tmut           3%         N/A       26%         2
 Ice Form                 Ice/Tmut       11%        N/A       50%         4
 Summon Ice Beast         Ice/Summ       11%        N/A       50%         4
 Summon Hydra             Summ           1%         N/A       100%        7


Dungeon Overview and Level Annotations

Branches:
Dungeon (4/15) Zot: 18841   Sewer (visited)
 Temple: D:4-7

Altars:
Ru
Xom

Annotations:
D:4 Edmund


Innate Abilities, Weirdness & Mutations

Your serpentine skin is tough. (AC +2)
You have supernaturally acute eyesight. (SInv)
Armour fits poorly on your strangely shaped body.
Your system is resistant to poisons. (rPois)
You cover ground very slowly.
You can spit poison.
You have a snake-like lower body.


Message History

The iguana closely misses you.
Casting: Freeze (safe; 1% risk of failure)
Confirm with . or Enter, or press ? or * to list all spells.
Aiming: Freeze (safe; 1% risk of failure)
Press: ? - help, Shift-Dir - straight line, f/p - iguana
Aim: an iguana (almost dead, slow)
You freeze the iguana.
You kill the iguana!
The wall freezes the giant cockroach but does no damage.
The wall freezes the iguana but does no damage.
The iguana closely misses you.
Casting: Freeze (safe; 1% risk of failure)
Confirm with . or Enter, or press ? or * to list all spells.
Aiming: Freeze (safe; 1% risk of failure)
Press: ? - help, Shift-Dir - straight line, f - iguana
Aim: an iguana (lightly wounded)
You freeze the iguana.
The iguana is lightly wounded.
The wall freezes the iguana but does no damage.
The iguana closely misses you.
The wall freezes the giant cockroach.
You kill the giant cockroach!
Casting: Freeze (safe; 1% risk of failure)
Confirm with . or Enter, or press ? or * to list all spells.
Aiming: Freeze (safe; 1% risk of failure)
Press: ? - help, Shift-Dir - straight line, f/p - iguana
Aim: an iguana (lightly wounded)
You freeze the iguana.
The iguana is moderately wounded.
The wall freezes the iguana but does no damage.
The iguana bites you.
* * * LOW HITPOINT WARNING * * *
Casting: Freeze (safe; 1% risk of failure)
Confirm with . or Enter, or press ? or * to list all spells.
Aiming: Freeze (safe; 1% risk of failure)
Press: ? - help, Shift-Dir - straight line, f/p - iguana
Aim: an iguana (moderately wounded)
You freeze the iguana!
The iguana is severely wounded.
The frozen ramparts melt away.
The iguana bites you.
You die...

........# #....###........#....
.......... ##.## ##..###.).....
.........[ ... #.##.........
..##..#.#. ##. ######.########.#.
.## ..###.# ####...........#...#.
## .###>.##.$#.####.####.#..... #
..#.....#.# ......#.#.#... ##
........#.#.##.##.#.####.. .##
"......#@#.#...#.#.#.#... ..# #.
#...l†...._........... .###..
#...#.#.#...#.#.##.... ......
##..#.#.##.##.#.##....
#.....^........#.#.......#.##....
.........#.....#.####.####.##....
.#...... #.....#...........#.....
.###... #....#######.######.....
####..## #....................#..


You could see an iguana.

Vanquished Creatures
  Pargi (Sewer)
  2 iguanas (D:4)
  An orc wizard (D:4)
  Robin (D:2)
  7 adders
  A river rat (D:3)
  A worm (D:2)
  A dart slug (D:3)
  An orc (D:4)
  8 ball pythons
  4 bats
  3 endoplasms
  3 giant cockroaches
  17 goblins
  5 hobgoblins
  8 jackals
  A quokka (D:2)
  A frilled lizard (D:1)
  4 kobolds
  8 rats
78 creatures vanquished.

Notes
Turn   | Place    | Note
-------+----------+-------------------------------------------
     0 | D:1      | Arcadio the Naga Ice Elementalist began the quest for the
                  | Orb.
     0 | D:1      | Reached XP level 1. HP: 15/15 MP: 3/3
   510 | D:1      | Reached XP level 2. HP: 22/22 MP: 3/5
  1512 | D:2      | Reached skill level 4 in Stealth
  1512 | D:2      | Reached XP level 3. HP: 21/28 MP: 1/6
  1516 | D:2      | Learned a level 3 spell: Frozen Ramparts
  1520 | D:2      | Learned a level 3 spell: Ozocubu's Armour
  2084 | D:2      | Reached XP level 4. HP: 30/36 MP: 8/8
  2193 | D:2      | Noticed Robin
  2205 | D:2      | Killed Robin
  3172 | D:3      | Reached skill level 5 in Stealth
  3278 | D:3      | Found a shimmering altar of Xom.
  3299 | D:3      | Reached XP level 5. HP: 42/42 MP: 9/9
  3394 | D:3      | Found a glowing drain.
  3404 | Sewer    | Entered a sewer
  3486 | Sewer    | Noticed Pargi
  3498 | Sewer    | Killed Pargi
  3499 | Sewer    | Reached skill level 5 in Ice Magic
  3866 | D:3      | Reached XP level 6. HP: 49/49 MP: 11/11
  4071 | D:4      | Found a sacrificial altar of Ru.
  4092 | D:4      | Reached skill level 6 in Stealth
  4280 | D:4      | Noticed Edmund
  4466 | D:4      | Learned a level 4 spell: Hailstorm
  4522 | D:4      | Slain by an iguana

Illustrated notes

Levels and vault maps discovered:
D:1:      dpeg_arrival_leaves_temple_mockup, layout_loops_ring
D:2:      layout_loops_ring, corner_web_ring, uniq_robin
D:3:      layout_loops_ring, xom_butterflies, portal_sewer_entry_b,
          kennysheep_cluttered_room
D:4:      layout_cave_pools, chei_slow_surprise,
          nicolae_ru_sacrificial_ziggurat, uniq_edmund

Skill      XL: |  1  2  3  4  5  6 |
---------------+-------------------+-----
Stealth        | 4 5 6 |  6.4
Spellcasting   | 3 |  3.9
Ice Magic      | 5 |  5.4
Dodging        | |  1.5

Action                   |  1- 3 |  4- 6 || total
-------------------------+-------+-------++-------
Melee: Dagger            |    34 |   106 ||   140
       Unarmed           |     1 |       ||     1
       Punch             |       |     1 ||     1
 Fire: Sling             |       |     2 ||     2
 Cast: Freeze            |    44 |    15 ||    59
       Frozen Ramparts   |     1 |     7 ||     8
       Ozocubu's Armour  |       |     3 ||     3
  Use: Scroll            |     3 |     8 ||    11
       Potion            |       |     2 ||     2
 Stab: Sleeping          |     3 |     6 ||     9
       Distracted        |       |     1 ||     1
Armor: Robe              |    15 |    50 ||    65
Dodge: Dodged            |    31 |    70 ||   101
